[Event "ICC tourney 2361 (30 5)"]
[Site "Internet Chess Club"]
[Date "2021.01.31"]
[Round "1"]
[White "oliverskelcher"]
[Black "maadhavd"]
[Result "0-1"]
[ICCResult "White checkmated"]
[WhiteElo "894"]
[BlackElo "469"]
[Opening "Giuoco Pianissimo: Italian four knights variation"]
[ECO "C50"]
[NIC "IG.02"]
[Time "10:17:51"]
[PlyCount "52"]
[TimeControl "1800+5"]

1. e4 e5 2. Nf3 Nc6 3. Bc4 Bc5 4. d3 Nf6 5. Nc3 O-O 6. Bg5 h6 7. Bh4 d6 8.
Nd5 Kh7 9. Nxf6+ gxf6 10. Nd2 Rg8 11. Qh5 Qf8 12. Qf5+ Bxf5 13. exf5 Rxg2
14. Nf3 Nd4 15. Nxd4 Bxd4 16. Kf1 c6 17. Kxg2 d5 18. Bb3 Qg7+ 19. Kf3 e4+
20. dxe4 dxe4+ 21. Kxe4 Qg4+ 22. f4 Re8+ 23. Kxd4 Qxf4+ 24. Kc5 Re5+ 25.
Kd6 Re6+ 26. Kc5 b6# { White checkmated } 0-1

[Event "ICC tourney 2361 (30 5)"]
[Site "Internet Chess Club"]
[Date "2021.01.31"]
[Round "1"]
[White "rehatag"]
[Black "RainbowQueen"]
[Result "0-1"]
[ICCResult "White checkmated"]
[WhiteElo "625"]
[BlackElo "926"]
[Opening "Ruy Lopez: open (Tarrasch) defense"]
[ECO "C80"]
[NIC "RL.27"]
[Time "10:17:09"]
[PlyCount "30"]
[TimeControl "1800+5"]

1. e4 e5 2. Nf3 Nc6 3. Bb5 a6 4. Ba4 Nf6 5. O-O Nxe4 6. Re1 Nc5 7. Bb3 Nxb3
8. axb3 Be7 9. d3 O-O 10. Nxe5 Nxe5 11. Rxe5 Bf6 12. Re4 d5 13. Re3 Qd6 14.
Rg3 Re8 15. Qe1 Rxe1# { White checkmated } 0-1

[Event "ICC tourney 2361 (30 5)"]
[Site "Internet Chess Club"]
[Date "2021.01.31"]
[Round "1"]
[White "Ved166"]
[Black "AtmanDev"]
[Result "0-1"]
[ICCResult "White resigns"]
[WhiteElo "958"]
[BlackElo "704"]
[Opening "Sicilian: Sozin, not Scheveningen"]
[ECO "B57"]
[NIC "SI.25"]
[Time "10:17:09"]
[PlyCount "44"]
[TimeControl "1800+5"]

1. e4 c5 2. Nf3 Nc6 3. d4 cxd4 4. Nxd4 Nf6 5. Nc3 d6 6. Bc4 g6 7. O-O Bg7
8. h3 O-O 9. Be3 Bd7 10. Qd2 Nxd4 11. Qxd4 Bc6 12. Qd3 Qd7 13. f3 Rfd8 14.
Bb5 Bxb5 15. Nxb5 d5 16. exd5 Nxd5 17. Nc3 Nxe3 18. Qxe3 Bd4 19. Qxd4 Qxd4+
20. Kh1 Rac8 21. Rad1 Qe5 22. Rd2 Rxd2 { White resigns } 0-1

[Event "ICC tourney 2361 (30 5)"]
[Site "Internet Chess Club"]
[Date "2021.01.31"]
[Round "1"]
[White "rishatag"]
[Black "johnfza"]
[Result "0-1"]
[ICCResult "White checkmated"]
[WhiteElo "535"]
[BlackElo "898"]
[Opening "Sicilian defense"]
[ECO "B32"]
[NIC "SI.31"]
[Time "10:17:18"]
[PlyCount "58"]
[TimeControl "1800+5"]

1. e4 c5 2. Nf3 Nc6 3. d4 e6 4. Nc3 d5 5. e5 c4 6. Be2 Bb4 7. O-O Bd7 8. a3
Ba5 9. b4 Bb6 10. Re1 Nge7 11. Bg5 h6 12. Bh4 g5 13. Bg3 g4 14. Nd2 h5 15.
Bh4 Qc7 16. Bf6 Rg8 17. f3 g3 18. f4 Nxd4 19. Kh1 gxh2 20. Kxh2 O-O-O 21.
Bxh5 Ndf5 22. Bxf7 Rg3 23. Ne2 Rg4 24. Bh5 Rgg8 25. g4 Ne3 26. Qc1 Nxg4+
27. Bxg4 Rxg4 28. Bxe7 Rh8+ 29. Bh4 Rhxh4# { White checkmated } 0-1

[Event "ICC tourney 2361 (30 5)"]
[Site "Internet Chess Club"]
[Date "2021.01.31"]
[Round "1"]
[White "Judebestgm"]
[Black "August2012"]
[Result "1-0"]
[ICCResult "Black checkmated"]
[WhiteElo "644"]
[BlackElo "930"]
[Opening "Ruy Lopez: four knights (Tarrasch) variation"]
[ECO "C48"]
[NIC "KP.03"]
[Time "10:17:10"]
[PlyCount "47"]
[TimeControl "1800+5"]

1. e4 e5 2. Nf3 Nc6 3. Nc3 Nf6 4. Bb5 a6 5. Ba4 Bc5 6. Nxe5 Nxe5 7. d4 Bd6
8. dxe5 Bxe5 9. O-O b5 10. Bb3 Bb7 11. Bg5 h6 12. Bxf6 Qxf6 13. Re1 O-O 14.
Qxd7 Rfd8 15. Qh3 Bxc3 16. bxc3 Qxc3 17. Qxc3 Rd7 18. Re3 Rad8 19. h3 Rd6
20. Rg3 Rf6 21. Qxf6 g6 22. Bxf7+ Kh7 23. Qxg6+ Kh8 24. Qg7# { Black
checkmated } 1-0

[Event "ICC tourney 2361 (30 5)"]
[Site "Internet Chess Club"]
[Date "2021.01.31"]
[Round "1"]
[White "Latecutehat"]
[Black "Wolfwalker33"]
[Result "0-1"]
[ICCResult "White resigns"]
[WhiteElo "433"]
[BlackElo "894"]
[Opening "Sicilian defense"]
[ECO "B20"]
[NIC "SI.48"]
[Time "10:17:24"]
[PlyCount "68"]
[TimeControl "1800+5"]

1. e4 c5 2. b3 Nc6 3. Bb2 d6 4. Bb5 Bd7 5. Bxc6 Bxc6 6. Nf3 Qc7 7. e5 dxe5
8. Nxe5 Qd8 9. O-O Nf6 10. Re1 g6 11. d3 Bg7 12. Nd2 O-O 13. Ndc4 Rc8 14.
Qd2 Qd5 15. Ne3 Qd8 16. c4 Be4 17. Rad1 Bc6 18. d4 cxd4 19. Qxd4 Qxd4 20.
Bxd4 Rfd8 21. Bxa7 Rxd1 22. Rxd1 Ra8 23. Nxc6 bxc6 24. Bc5 h6 25. a3 Ne4
26. f3 Nxc5 27. b4 Ne6 28. Nc2 f5 29. b5 cxb5 30. cxb5 Rb8 31. a4 Nc5 32.
Ra1 Bxa1 33. Nxa1 Ra8 34. b6 Rxa4 { White resigns } 0-1

[Event "ICC tourney 2361 (30 5)"]
[Site "Internet Chess Club"]
[Date "2021.01.31"]
[Round "1"]
[White "AidenKennedy528"]
[Black "TristanS"]
[Result "1-0"]
[ICCResult "Black checkmated"]
[WhiteElo "986"]
[BlackElo "734"]
[Opening "Vienna gambit"]
[ECO "C29"]
[NIC "VG.04"]
[Time "10:17:03"]
[PlyCount "51"]
[TimeControl "1800+5"]

1. e4 e5 2. Nc3 Nf6 3. f4 d6 4. Nf3 Nc6 5. Bb5 Bd7 6. d3 a6 7. Bxc6 Bxc6 8.
O-O Be7 9. fxe5 dxe5 10. Nxe5 Qd6 11. d4 Nxe4 12. Nxe4 Bxe4 13. Nxf7 Qg6
14. Qe2 Rf8 15. Ne5 Rxf1+ 16. Qxf1 O-O-O 17. Nxg6 Bxg6 18. c3 Rf8 19. Qe2
Be8 20. Qxe7 Rh8 21. Bf4 Kb8 22. Bxc7+ Ka7 23. Qd8 a5 24. a4 Rg8 25. Qb8+
Ka6 26. Qa8# { Black checkmated } 1-0

[Event "ICC tourney 2361 (30 5)"]
[Site "Internet Chess Club"]
[Date "2021.01.31"]
[Round "1"]
[White "LukasNH"]
[Black "IGMin2023"]
[Result "0-1"]
[ICCResult "White checkmated"]
[WhiteElo "685"]
[BlackElo "956"]
[Opening "Scotch: Schmidt variation"]
[ECO "C45"]
[NIC "SO.04"]
[Time "10:17:11"]
[PlyCount "68"]
[TimeControl "1800+5"]

1. e4 e5 2. Nf3 Nc6 3. d4 exd4 4. Nxd4 Nf6 5. Bg5 Bc5 6. Nxc6 bxc6 7. e5
Qe7 8. Qe2 Bd4 9. Bxf6 gxf6 10. c3 Bxe5 11. Nd2 a5 12. O-O-O Ba6 13. Qg4
Bc8 14. Qg7 f5 15. Qh6 d6 16. Re1 f4 17. g3 fxg3 18. hxg3 Bb7 19. f4 c5 20.
fxe5 dxe5 21. Rh5 f6 22. Bd3 O-O-O 23. Bf5+ Kb8 24. Nc4 Bd5 25. Nxa5 Qd6
26. Rd1 Qa6 27. Nb3 Qxa2 28. Nxc5 Qa1+ 29. Kc2 Be4+ 30. Nd3 Qa4+ 31. Kd2
Rxd3+ 32. Ke2 Qxd1+ 33. Kf2 Qf3+ 34. Kg1 Qg2# { White checkmated } 0-1

[Event "ICC tourney 2361 (30 5)"]
[Site "Internet Chess Club"]
[Date "2021.01.31"]
[Round "1"]
[White "MilesStringer"]
[Black "ReadyPlayer1"]
[Result "0-1"]
[ICCResult "White checkmated"]
[WhiteElo "929"]
[BlackElo "650"]
[Opening "Sicilian: Alapin's variation (2.c3)"]
[ECO "B22"]
[NIC "SI.46"]
[Time "10:27:59"]
[PlyCount "72"]
[TimeControl "1800+5"]

1. e4 c5 2. c3 Nc6 3. Nf3 e5 4. Be2 d6 5. O-O Nf6 6. Qc2 h6 7. Bc4 Bg4 8.
b3 Bxf3 9. gxf3 a6 10. Kh1 Nh5 11. Rg1 Nf4 12. Bb2 h5 13. d3 h4 14. Bc1 Nh3
15. Rg4 g5 16. Be3 f6 17. d4 cxd4 18. cxd4 exd4 19. Bd2 Nxf2+ 20. Kg1 Nxg4
21. fxg4 Qd7 22. Na3 Qxg4+ 23. Kh1 Ne5 24. Bb4 Rc8 25. Qg2 Qxg2+ 26. Kxg2
h3+ 27. Kg3 g4 28. Rf1 Be7 29. Rf5 b5 30. Be6 Rc1 31. Rxe5 dxe5 32. Kxg4
Bxb4 33. Kf5 Rf8 34. Kg6 Bxa3 35. Bxh3 Rg1+ 36. Kh6 Rh8# { White checkmated
} 0-1

[Event "ICC tourney 2361 (30 5)"]
[Site "Internet Chess Club"]
[Date "2021.01.31"]
[Round "1"]
[White "elliephuy"]
[Black "PS33ChessNinja"]
[Result "1-0"]
[ICCResult "Black checkmated"]
[WhiteElo "942"]
[BlackElo "681"]
[Opening "Giuoco Pianissimo"]
[ECO "C55"]
[NIC "IG.01"]
[Time "10:17:24"]
[PlyCount "81"]
[TimeControl "1800+5"]

1. e4 e5 2. Nf3 Nc6 3. Bc4 Nf6 4. d3 Bc5 5. O-O O-O 6. Nc3 h6 7. Be3 Bb6 8.
Qd2 d6 9. h3 Be6 10. Bb3 Nd4 11. Bxd4 exd4 12. Ne2 Re8 13. Nexd4 Bxd4 14.
Nxd4 c5 15. Nf3 d5 16. e5 Nd7 17. c3 Bf5 18. Bxd5 Nxe5 19. c4 Nxf3+ 20.
Bxf3 Bxd3 21. Rfd1 Bxc4 22. Qc3 Qh4 23. b3 Be2 24. Re1 Bxf3 25. Rxe8+ Rxe8
26. Qxf3 b6 27. Rd1 Qe4 28. Qc3 a5 29. Kf1 Qb4 30. Qf3 Qb5+ 31. Kg1 Re2 32.
a4 Qe8 33. Kf1 Re6 34. g3 Qc6 35. Rd8+ Kh7 36. Qf5+ Rg6 37. h4 Qh1+ 38. Ke2
h5 39. Qxh5+ Rh6 40. Qf5+ g6 41. Qxf7# { Black checkmated } 1-0

[Event "ICC tourney 2361 (30 5)"]
[Site "Internet Chess Club"]
[Date "2021.01.31"]
[Round "1"]
[White "anayvarma"]
[Black "Rosey9"]
[Result "0-1"]
[ICCResult "White checkmated"]
[WhiteElo "877"]
[BlackElo "390"]
[Opening "Sicilian: closed, 2...Nc6"]
[ECO "B23"]
[NIC "SI.44"]
[Time "10:17:34"]
[PlyCount "144"]
[TimeControl "1800+5"]

1. e4 c5 2. Nc3 Nc6 3. Bc4 g6 4. d4 cxd4 5. Nce2 Bg7 6. Nf3 Nf6 7. e5 Ng4
8. Nexd4 Ncxe5 9. Nxe5 Nxe5 10. Bf4 Nxc4 11. b3 Ne5 12. Qe2 Nc6 13. c3 O-O
14. O-O d6 15. Nb5 Be6 16. Qe3 a6 17. Na3 Qa5 18. Nc4 Qxc3 19. Qxc3 Bxc3
20. Rac1 Bg7 21. Nb6 Rad8 22. Bg5 Rfe8 23. Rfe1 Nb4 24. Rc7 Rb8 25. Bxe7
Bf5 26. Rd1 d5 27. Bxb4 d4 28. Nd7 Rbd8 29. Nb6 d3 30. Be7 Rd4 31. Bc5 Rde4
32. f3 Re1+ 33. Rxe1 Rxe1+ 34. Kf2 d2 35. Rxb7 d1=Q 36. Rb8+ Bf8 37. Rxf8+
Kg7 38. Rb8 Rf1+ 39. Kg3 Qe1+ 40. Kf4 Qh4+ 41. Ke5 f6+ 42. Kd6 Rd1+ 43. Kc6
Be4+ 44. fxe4 Qxe4+ 45. Kc7 Qe5+ 46. Kc6 Rc1 47. Nd7 Qe4+ 48. Kb6 Qxg2 49.
Bf8+ Kf7 50. Nc5 Qxh2 51. Nd7 Qc7+ 52. Kxa6 Rc6+ 53. Rb6 Qxd7 54. Bc5 Rxb6+
55. Bxb6 f5 56. Bc5 Qc6+ 57. Ka5 Qxc5+ 58. Ka4 f4 59. b4 Qa7+ 60. Kb3 f3
61. b5 f2 62. b6 Qxb6+ 63. Kc2 f1=Q 64. a4 Qc4+ 65. Kd2 Qd6+ 66. Ke3 Qce6+
67. Kf3 Qd1+ 68. Kf4 Qf1+ 69. Kg5 Qe3+ 70. Kg4 Qeg1+ 71. Kh4 Qf4+ 72. Kh3
Qfg3# { White checkmated } 0-1

[Event "ICC tourney 2361 (30 5)"]
[Site "Internet Chess Club"]
[Date "2021.01.31"]
[Round "1"]
[White "antonk2012"]
[Black "JWest139"]
[Result "1-0"]
[ICCResult "Black checkmated"]
[WhiteElo "727"]
[BlackElo "973"]
[Opening "French: advance variation"]
[ECO "C02"]
[NIC "FR.03"]
[Time "10:17:23"]
[PlyCount "89"]
[TimeControl "1800+5"]

1. e4 e6 2. d4 d5 3. e5 c5 4. c3 Nc6 5. Bb5 Qb6 6. a4 cxd4 7. Bxc6+ bxc6 8.
cxd4 Ba6 9. Nf3 Bb4+ 10. Bd2 Ne7 11. Bxb4 Qxb4+ 12. Qd2 Qc4 13. Nc3 Qb4 14.
h3 O-O 15. Rb1 Qa5 16. b4 Qc7 17. b5 cxb5 18. axb5 Bb7 19. O-O Rfc8 20.
Rfc1 Qa5 21. Kh1 a6 22. bxa6 Bxa6 23. Ra1 Qb6 24. Rcb1 Qc7 25. Rc1 Nf5 26.
Ne2 Qe7 27. Rxc8+ Rxc8 28. Rxa6 Qb7 29. Ra1 Qe7 30. Qa2 Rc7 31. Qa8+ Qf8
32. Qxf8+ Kxf8 33. g4 Ne7 34. h4 g6 35. h5 gxh5 36. gxh5 Kg7 37. Rg1+ Kh6
38. Ng5 Kxh5 39. Nxf7 Ng6 40. Rg5+ Kh4 41. Nf4 Nxf4 42. Rg7 Rc1+ 43. Kh2 h5
44. Ng5 Ne2 45. Nf3# { Black checkmated } 1-0

[Event "ICC tourney 2361 (30 5)"]
[Site "Internet Chess Club"]
[Date "2021.01.31"]
[Round "2"]
[White "reallopsidedhaw"]
[Black "Judebestgm"]
[Result "1-0"]
[ICCResult "Black checkmated"]
[WhiteElo "828"]
[BlackElo "644"]
[Opening "two knights defense"]
[ECO "C58"]
[NIC "KP.01"]
[Time "12:01:12"]
[PlyCount "31"]
[TimeControl "1800+5"]

1. e4 e5 2. Nf3 Nc6 3. Bc4 Nf6 4. Ng5 d5 5. exd5 Na5 6. Bb3 Nxb3 7. axb3
Qxd5 8. O-O Bc5 9. Nc3 Qc6 10. Re1 Qd6 11. Nb5 Qd5 12. Nxc7+ Kf8 13. Nxd5
Nxd5 14. Rxe5 Nf4 15. Qf3 Ng6 16. Qxf7# { Black checkmated } 1-0

[Event "ICC tourney 2361 (30 5)"]
[Site "Internet Chess Club"]
[Date "2021.01.31"]
[Round "2"]
[White "August2012"]
[Black "rehatag"]
[Result "1-0"]
[ICCResult "Black checkmated"]
[WhiteElo "930"]
[BlackElo "625"]
[Opening "Giuoco Piano: Greco's attack"]
[ECO "C54"]
[NIC "IG.02"]
[Time "12:00:42"]
[PlyCount "59"]
[TimeControl "1800+5"]

1. e4 e5 2. Nf3 Nc6 3. Bc4 Bc5 4. c3 Nf6 5. d4 exd4 6. cxd4 Bb4+ 7. Nc3 d6
8. O-O Bg4 9. d5 Ne5 10. Be2 O-O 11. Nxe5 Bxe2 12. Qxe2 dxe5 13. Bd2 Bc5
14. Rac1 Bd4 15. Nb5 Bxb2 16. Nxc7 Rc8 17. Rb1 Rxc7 18. Rxb2 Qc8 19. Rbb1
Rc2 20. Rfc1 Rxc1+ 21. Rxc1 Qd7 22. h3 Rc8 23. Rxc8+ Qxc8 24. f3 Qc5+ 25.
Be3 Qc7 26. Bxa7 Qc1+ 27. Qf1 Qa3 28. Qc4 Qxa7+ 29. Kh2 Nh5 30. Qc8# {
Black checkmated } 1-0

[Event "ICC tourney 2361 (30 5)"]
[Site "Internet Chess Club"]
[Date "2021.01.31"]
[Round "2"]
[White "AtmanDev"]
[Black "elliephuy"]
[Result "0-1"]
[ICCResult "White checkmated"]
[WhiteElo "704"]
[BlackElo "942"]
[Opening "QGD: exchange variation"]
[ECO "D35"]
[NIC "QO.16"]
[Time "12:00:28"]
[PlyCount "60"]
[TimeControl "1800+5"]

1. d4 d5 2. c4 e6 3. Nc3 Nf6 4. cxd5 Nxd5 5. e4 Nf6 6. Bg5 h6 7. Bh4 Be7 8.
Bd3 O-O 9. Nge2 Nc6 10. f3 Nxd4 11. Nxd4 Qxd4 12. Bg3 e5 13. Bf2 Qd6 14.
O-O Nh5 15. Be3 Bg5 16. f4 Bxf4 17. Bxf4 Nxf4 18. Bc2 Qg6 19. Rf2 Nh3+ 20.
Kf1 Nxf2 21. Kxf2 Qb6+ 22. Kf1 Be6 23. b3 Rad8 24. Nd5 Bxd5 25. exd5 Qb5+
26. Kg1 Rxd5 27. Qf3 Rfd8 28. Rd1 Rxd1+ 29. Bxd1 Qc5+ 30. Qf2 Rxd1# { White
checkmated } 0-1

[Event "ICC tourney 2361 (30 5)"]
[Site "Internet Chess Club"]
[Date "2021.01.31"]
[Round "2"]
[White "rishatag"]
[Black "MilesStringer"]
[Result "1-0"]
[ICCResult "Black checkmated"]
[WhiteElo "535"]
[BlackElo "929"]
[Opening "Ruy Lopez: old Steinitz defense"]
[ECO "C62"]
[NIC "RL.02"]
[Time "12:00:41"]
[PlyCount "97"]
[TimeControl "1800+5"]

1. e4 e5 2. Nf3 Nc6 3. Bb5 d6 4. O-O Be6 5. Re1 Nf6 6. h3 Be7 7. Ba4 O-O 8.
c3 Qd7 9. d4 a6 10. d5 b5 11. dxe6 Qxe6 12. Bb3 Qd7 13. Bg5 Rfe8 14. Nbd2
d5 15. Bxf6 Bxf6 16. Bxd5 a5 17. a3 Rad8 18. Nb3 Be7 19. Bxc6 Qxc6 20. Nxa5
Qa6 21. Qb3 Qxa5 22. Nxe5 Rf8 23. Nc6 Qb6 24. Nxd8 Rxd8 25. Red1 Rf8 26.
Rd2 Bg5 27. Rd3 Rd8 28. Rxd8+ Bxd8 29. Rd1 Bf6 30. Qd5 h6 31. e5 Be7 32.
Qd4 Qb7 33. Qd5 Qb6 34. Qa8+ Kh7 35. Qe4+ Kg8 36. Rd7 Bg5 37. h4 Bxh4 38.
Qxh4 Qe6 39. Rd8+ Kh7 40. Qe4+ g6 41. Rd5 f5 42. Qd3 c6 43. Rd6 Qxe5 44.
Rxc6 Qe1+ 45. Kh2 Qe5+ 46. g3 f4 47. Qd7+ Kh8 48. Rc8+ Qe8 49. Rxe8# {
Black checkmated } 1-0

[Event "ICC tourney 2361 (30 5)"]
[Site "Internet Chess Club"]
[Date "2021.01.31"]
[Round "2"]
[White "johnfza"]
[Black "purplepinkcat12"]
[Result "1-0"]
[ICCResult "Black checkmated"]
[WhiteElo "898"]
[BlackElo "610"]
[Opening "Sicilian defense"]
[ECO "B30"]
[NIC "SI.31"]
[Time "12:00:26"]
[PlyCount "49"]
[TimeControl "1800+5"]

1. e4 c5 2. Nf3 Nc6 3. c3 d6 4. d4 cxd4 5. cxd4 Nf6 6. Nc3 g6 7. Bd3 Bg7 8.
e5 dxe5 9. dxe5 Nd7 10. e6 Nf6 11. exf7+ Kf8 12. Bc4 Qc7 13. O-O Bf5 14.
Nd5 Nxd5 15. Qxd5 Rd8 16. Qc5 b6 17. Qe3 Na5 18. Be6 Bc2 19. Qh6 Qd6 20.
Re1 Be4 21. Rxe4 Rc8 22. b4 Rxc1+ 23. Qxc1 Bxa1 24. Qxa1 Qc7 25. Qxh8# {
Black checkmated } 1-0

[Event "ICC tourney 2361 (30 5)"]
[Site "Internet Chess Club"]
[Date "2021.01.31"]
[Round "2"]
[White "ivanachan"]
[Black "AidenKennedy528"]
[Result "0-1"]
[ICCResult "White checkmated"]
[WhiteElo "765"]
[BlackElo "986"]
[Opening "QGD: Harrwitz attack"]
[ECO "D35"]
[NIC "QO.16"]
[Time "12:00:18"]
[PlyCount "72"]
[TimeControl "1800+5"]

1. d4 d5 2. c4 e6 3. Nc3 Nf6 4. Bf4 c5 5. Nf3 Nc6 6. e3 Qb6 7. Na4 Qa5+ 8.
Nc3 Ne4 9. Qc2 Nb4 10. Qc1 cxd4 11. exd4 Be7 12. Be2 g5 13. Nxg5 Bxg5 14.
Bxg5 Nxg5 15. Qxg5 Nc2+ 16. Kd2 Nxa1 17. Rxa1 Bd7 18. cxd5 exd5 19. Qe5+
Kd8 20. Qxh8+ Be8 21. Qf6+ Kc7 22. Qe7+ Kb6 23. Qd6+ Bc6 24. b4 Qa3 25.
Qc5+ Kc7 26. Nxd5+ Kd7 27. Bg4+ Ke8 28. Nc7+ Kd8 29. Rc1 Kxc7 30. Qe7+ Kb6
31. Qd6 Qxa2+ 32. Ke1 Re8+ 33. Kf1 Qa6+ 34. Kg1 Qc4 35. Rf1 Qd5 36. Qf4
Qxg2# { White checkmated } 0-1

[Event "ICC tourney 2361 (30 5)"]
[Site "Internet Chess Club"]
[Date "2021.01.31"]
[Round "2"]
[White "IGMin2023"]
[Black "antonk2012"]
[Result "1-0"]
[ICCResult "Black checkmated"]
[WhiteElo "956"]
[BlackElo "727"]
[Opening "Scandinavian (center counter) defense"]
[ECO "B01"]
[NIC "SD.01"]
[Time "12:00:21"]
[PlyCount "63"]
[TimeControl "1800+5"]

1. e4 d5 2. exd5 Qxd5 3. Nc3 Qa5 4. d4 Nf6 5. Nf3 Bg4 6. Be2 Ne4 7. Qd3
Bxf3 8. Qxf3 Nd6 9. Bd2 c6 10. Ne4 Qd8 11. Nxd6+ Qxd6 12. O-O-O e6 13. Bf4
Qd7 14. Qg3 Qd8 15. Bh5 g6 16. Be2 Be7 17. Rhe1 O-O 18. Bh6 Re8 19. f4 Bh4
20. Qf3 Bxe1 21. Rxe1 Qxd4 22. Rd1 Qf6 23. g3 e5 24. Qc3 Na6 25. g4 Qh4 26.
g5 Qxh2 27. fxe5 Qxe2 28. e6 f6 29. Qxf6 Re7 30. Qxe7 Qe5 31. Rd8+ Rxd8 32.
Qxd8# { Black checkmated } 1-0

[Event "ICC tourney 2361 (30 5)"]
[Site "Internet Chess Club"]
[Date "2021.01.31"]
[Round "2"]
[White "RainbowQueen"]
[Black "ReadyPlayer1"]
[Result "0-1"]
[ICCResult "White checkmated"]
[WhiteElo "926"]
[BlackElo "650"]
[Opening "Sicilian: Alapin's variation (2.c3)"]
[ECO "B22"]
[NIC "SI.46"]
[Time "12:00:25"]
[PlyCount "80"]
[TimeControl "1800+5"]

1. e4 c5 2. c3 Nc6 3. Nf3 e5 4. Bb5 d6 5. O-O Nf6 6. d3 Bg4 7. Bg5 Be7 8.
Nbd2 d5 9. Re1 h6 10. Bh4 g5 11. Bg3 dxe4 12. dxe4 Bd6 13. Nc4 Ke7 14. Nxd6
Qxd6 15. Qxd6+ Kxd6 16. Bxe5+ Nxe5 17. Rad1+ Ke6 18. Be2 Bxf3 19. gxf3 g4
20. fxg4 Nfxg4 21. h3 Nf6 22. f4 Rhg8+ 23. Kf2 Nc6 24. Bc4+ Ke7 25. e5 Nh5
26. Re4 Rad8 27. Rde1 Rd2+ 28. Be2 Ng3 29. Kf3 Nxe4 30. Kxe4 Rxb2 31. a4
Rg2 32. Bb5 a6 33. Bf1 Rg3 34. c4 Ke6 35. Be2 Rd2 36. Bg4+ Ke7 37. Kf5 Nd4+
38. Ke4 Nc2 39. Rd1 Re3+ 40. Kf5 Nd4# { White checkmated } 0-1

[Event "ICC tourney 2361 (30 5)"]
[Site "Internet Chess Club"]
[Date "2021.01.31"]
[Round "2"]
[White "JWest139"]
[Black "LukasNH"]
[Result "1-0"]
[ICCResult "Black checkmated"]
[WhiteElo "973"]
[BlackElo "685"]
[Opening "French: advance variation"]
[ECO "C02"]
[NIC "FR.03"]
[Time "12:01:06"]
[PlyCount "77"]
[TimeControl "1800+5"]

1. e4 e6 2. d4 d5 3. e5 Nc6 4. c3 Be7 5. Nf3 Bd7 6. g3 Nh6 7. Bg2 Nf5 8.
O-O O-O 9. Bf4 Na5 10. Nbd2 Bb5 11. Re1 Nc4 12. Nxc4 Bxc4 13. Nh4 Bxh4 14.
gxh4 Qxh4 15. Qd2 Qg4 16. h3 Qg6 17. Bg5 h6 18. Bf4 Nh4 19. Bg3 Nf5 20. b3
Nxg3 21. fxg3 Bb5 22. a4 Bc6 23. Rf1 Qxg3 24. Rf3 Qg6 25. Qe3 Qc2 26. b4
Bxa4 27. Rg3 Kh8 28. Rc1 Qb2 29. Rf1 Bb5 30. Rf4 Qb1+ 31. Kh2 g5 32. Rf6
Kh7 33. h4 Rg8 34. hxg5 hxg5 35. Rxf7+ Kh6 36. Rh3+ Kg6 37. Rf6+ Kg7 38.
Qxg5+ Qg6 39. Qxg6# { Black checkmated } 1-0

[Event "ICC tourney 2361 (30 5)"]
[Site "Internet Chess Club"]
[Date "2021.01.31"]
[Round "2"]
[White "PS33ChessNinja"]
[Black "Ved166"]
[Result "1-0"]
[ICCResult "Black checkmated"]
[WhiteElo "681"]
[BlackElo "958"]
[Opening "Sicilian defense"]
[ECO "B30"]
[NIC "SI.31"]
[Time "12:00:22"]
[PlyCount "77"]
[TimeControl "1800+5"]

1. e4 c5 2. Nf3 Nc6 3. Bc4 d6 4. O-O Nf6 5. Nc3 g6 6. d4 cxd4 7. Nxd4 Bg7
8. f3 O-O 9. Be3 Nxd4 10. Bxd4 a6 11. Qd2 b5 12. Bb3 Bb7 13. Rfe1 Rc8 14.
Rad1 e5 15. Be3 Nd7 16. Qxd6 Nf6 17. Qxe5 Qc7 18. Qxc7 Rxc7 19. Bb6 Rcc8
20. e5 Rc6 21. exf6 Rxb6 22. fxg7 Kxg7 23. Rd7 b4 24. Na4 Bc6 25. Nxb6 Bxd7
26. Nxd7 Rd8 27. Nc5 a5 28. Nb7 Rb8 29. Nxa5 Ra8 30. Nc6 Rc8 31. Nxb4 Rb8
32. Nd5 Rb5 33. a4 Rc5 34. Re7 Rc8 35. Nb6 Rd8 36. Rxf7+ Kg8 37. Nd7 Re8
38. Nf6+ Kh8 39. Rxh7# { Black checkmated } 1-0

[Event "ICC tourney 2361 (30 5)"]
[Site "Internet Chess Club"]
[Date "2021.01.31"]
[Round "2"]
[White "Wolfwalker33"]
[Black "maadhavd"]
[Result "0-1"]
[ICCResult "White checkmated"]
[WhiteElo "894"]
[BlackElo "469"]
[Opening "Queen's bishop game"]
[ECO "A45"]
[NIC "QP.07"]
[Time "12:15:27"]
[PlyCount "130"]
[TimeControl "1800+5"]

1. d4 Nf6 2. Bf4 d5 3. Nf3 c5 4. e3 Bg4 5. Be2 Bxf3 6. Bxf3 e6 7. Nd2 Nc6
8. c3 Be7 9. O-O O-O 10. h3 c4 11. Be2 Bd6 12. Bf3 h6 13. Be2 b5 14. Nf3
Bxf4 15. exf4 Nd7 16. Ne5 Ndxe5 17. fxe5 f6 18. exf6 Rxf6 19. Re1 Qf8 20.
Rf1 Ne7 21. Rc1 Ng6 22. Rc2 Nf4 23. Bf3 Nd3 24. b3 a5 25. bxc4 bxc4 26. a4
Rb8 27. Qd2 Rb3 28. Bg4 Ra3 29. Qe2 Qe7 30. Ra2 Rxc3 31. Qd2 Qb4 32. Qe2
Nf4 33. Qe1 Rb3 34. g3 Nd3 35. Bxe6+ Kh7 36. Qxb4 Nxb4 37. Bg4 Nxa2 38. Ra1
Nc3 39. Kg2 Rfb6 40. Re1 Ne4 41. Bf5+ g6 42. Bxe4 dxe4 43. Rxe4 h5 44. Re7+
Kh6 45. g4 c3 46. f3 Rc6 47. h4 g5 48. hxg5+ Kxg5 49. Re5+ Kf6 50. Rf5+ Ke7
51. Re5+ Re6 52. Rxh5 c2 53. Rc5 Rb2 54. Kg3 Kd6 55. Kf4 Re1 56. Rxa5 c1=Q+
57. Kf5 Qc2+ 58. Kf4 Qh2+ 59. Kf5 Rf2 60. Ra6+ Kc7 61. Ra7+ Kb8 62. Rg7
Rxf3+ 63. Kg5 Qf4+ 64. Kg6 Re6+ 65. Kh5 Qh6# { White checkmated } 0-1

[Event "ICC tourney 2361 (30 5)"]
[Site "Internet Chess Club"]
[Date "2021.01.31"]
[Round "2"]
[White "vincentyu"]
[Black "dmenon25"]
[Result "1/2-1/2"]
[ICCResult "Game drawn by mutual agreement"]
[WhiteElo "199"]
[BlackElo "926"]
[Opening "Nimzovich-Larsen attack: modern variation"]
[ECO "A01"]
[NIC "VO.08"]
[Time "12:00:24"]
[PlyCount "92"]
[TimeControl "1800+5"]

1. b3 e5 2. Bb2 Nc6 3. e4 Nf6 4. d3 Bc5 5. Nf3 d6 6. Nbd2 Ng4 7. d4 exd4 8.
h3 Nge5 9. Nxe5 dxe5 10. Nf3 O-O 11. Bc4 Be6 12. O-O Bxc4 13. bxc4 Qe7 14.
a4 Rad8 15. Qd3 Nb4 16. Qb3 Kh8 17. c3 dxc3 18. Bxc3 b6 19. Nxe5 Bd6 20.
Bxb4 Bxb4 21. Nc6 Qc5 22. Nxd8 Rxd8 23. Rfd1 Re8 24. Rac1 h6 25. Rd5 Qe7
26. Rb5 Bc5 27. a5 a6 28. Rxc5 Qxc5 29. Rd1 Qxa5 30. c5 Qxc5 31. Qxf7 Qe7
32. Qd5 Qxe4 33. Qa2 a5 34. Qf7 Qe7 35. Qc4 Rd8 36. Rc1 Rc8 37. Qg4 Rd8 38.
Qf4 Rd7 39. Qf3 c5 40. Qa8+ Rd8 41. Qc6 Qd7 42. Qxb6 c4 43. Qxa5 Qd3 44.
Qa6 Rd4 45. Qc6 Kh7 46. Qc5 Qe4 { Game drawn by mutual agreement } 1/2-1/2

[Event "ICC tourney 2361 (30 5)"]
[Site "Internet Chess Club"]
[Date "2021.01.31"]
[Round "2"]
[White "Rosey9"]
[Black "daveym"]
[Result "1-0"]
[ICCResult "Black checkmated"]
[WhiteElo "390"]
[BlackElo "827"]
[Opening "Queen's pawn: London system"]
[ECO "A45"]
[NIC "QP.07"]
[Time "12:01:12"]
[PlyCount "85"]
[TimeControl "1800+5"]

1. d4 Nf6 2. Bf4 Nc6 3. Nf3 d5 4. e3 Bf5 5. c3 e6 6. Nbd2 Be7 7. h3 O-O 8.
Be2 Qd7 9. O-O Bd6 10. Bxd6 Qxd6 11. Re1 Ne4 12. Nxe4 Bxe4 13. Qb3 Ne7 14.
Nd2 Bf5 15. c4 e5 16. cxd5 Qg6 17. Kh1 exd4 18. exd4 c6 19. dxc6 Be6 20.
Qc3 Bd5 21. Qg3 Qh6 22. Nf3 Rae8 23. c7 Be6 24. Ng5 Nf5 25. Qg4 Ne3 26. Qe4
Qxg5 27. Qxe3 Qg6 28. Qf3 Bd7 29. Bd3 Qd6 30. Qxb7 Bc6 31. Qb3 Qxc7 32.
Rec1 Qd6 33. Qc3 Bb7 34. Qc5 Qxc5 35. dxc5 Rc8 36. b4 Rfe8 37. a4 Red8 38.
Bf5 Rc6 39. b5 Rf6 40. c6 Rb8 41. cxb7 Rxf5 42. Rc8+ Rxc8 43. bxc8=Q# {
Black checkmated } 1-0